 Dungeon Crawl Stone Soup version 0.30-a0-374-g95c0257040 (webtiles) character file.

Game seed: 11188637483338951593

24 Haldmier the Shooter (level 3, 0/20 HPs)
             Began as a Tengu Hexslinger on Nov 25, 2022.
             Slain by a kobold
             ... wielding a +2 short sword of electrocution
              (2 damage)
             ... on level 1 of the Dungeon.
             The game lasted 00:05:23 (756 turns).

Haldmier the Shooter (Tengu Hexslinger)              Turns: 756, Time: 00:05:24

Health: 0/20       AC:  3    Str: 10    XL:     3   Next: 2%
Magic:  6/6        EV: 12    Int: 13    God:
Gold:   13         SH:  0    Dex: 16    Spells: 3/4 levels left

rFire   . . .      SeeInvis .    a - +1 sling
rCold   . . .      Faith    .    (no shield)
rNeg    . . .      Spirit   .    d - +0 leather armour
rPois   .          Reflect  .    (helmet restricted)
rElec   .          Harm     .    (no cloak)
rCorr   .          Rampage  .    (no gloves)
Will    .....                    (boots unavailable)
Stlth   +.........               (no amulet)
HPRegen 0.23/turn                (no ring)
MPRegen 0.10/turn                (no ring)

@: no status effects
A: beak, talons 3
a: no special abilities


You were on level 1 of the Dungeon.
You visited 1 branch of the dungeon, and saw 1 of its levels.

You collected 13 gold pieces.

Inventory:

Hand Weapons
 a - a +1 sling (weapon)
Missiles
 g - 5 datura-tipped darts
Armour
 c - a +0 robe
 d - a +0 leather armour (worn)
Scrolls
 b - a scroll of poison
 e - 2 scrolls of teleportation {unknown}
 i - a scroll of enchant weapon {unknown}
Potions
 f - 2 potions of curing {unknown}
 h - a potion of haste {unknown}


   Skills:
 + Level 1.4 Fighting
 * Level 2.6 Ranged Weapons
 + Level 2.4 Dodging
 + Level 1.4 Spellcasting
 + Level 2.3 Hexes


You had 3 spell levels left.
You knew the following spells:

 Your Spells              Type           Power      Damage    Failure   Level
a - Slow                  Hex            28%        N/A       14%         1

Your spell library contained the following spells:

 Spells                   Type           Power      Damage    Failure   Level
 Tukima's Dance           Hex            7%         N/A       38%         3
 Inner Flame              Hex/Fire       4%         N/A       56%         3
 Portal Projectile        Hex/Tloc       8%         N/A       56%         3
 Cause Fear               Hex            3%         N/A       80%         4
 Blade Hands              Tmut           0%         N/A       100%        5


Dungeon Overview and Level Annotations

Branches:
Dungeon (1/15)

Altars:


Innate Abilities, Weirdness & Mutations

You have a beak for a mouth.
You have claws for feet.


Message History

HP restored.
Things that are here:
a +0 club; 5 stones
i - a scroll labelled OQACOD HECHIOL You pick up a book of Weapons and begin reading...
You add the spells Tukima's Dance and Blade Hands to your library.
Okay, then.
Unknown command.
You see here a ball python corpse.
A kobold comes into view.
It is wielding a +2 short sword of electrocution.
Fire: a) +1 sling
Press: ? - help, Shift-Dir - straight line, f - kobold
Aim: a kobold, wielding a +2 short sword of electrocution and quivering stones (asleep, 98% to hit)
You shoot a sling bullet.
The sling bullet hits the kobold but does no damage.
The kobold shouts!
The kobold throws a stone.
The stone misses you.
Fire: a) +1 sling
Press: ? - help, Shift-Dir - straight line, f/p - kobold
Aim: a kobold, wielding a +2 short sword of electrocution and quivering stones (51% to hit)
You shoot a sling bullet. The sling bullet hits the kobold.
The kobold is moderately wounded.
The kobold hits you with a +2 short sword of electrocution.
You are electrocuted!
Ouch! That really hurt!
* * * LOW HITPOINT WARNING * * *
Fire: a) +1 sling
Press: ? - help, Shift-Dir - straight line, f/p - kobold
Aim: a kobold, wielding a +2 short sword of electrocution and quivering stones (51% to hit)
You shoot a sling bullet.
The sling bullet hits the kobold but does no damage.
The kobold hits you with a +2 short sword of electrocution.
* * * LOW HITPOINT WARNING * * *
Fire: a) +1 sling
Press: ? - help, Shift-Dir - straight line, f/p - kobold
Aim: a kobold, wielding a +2 short sword of electrocution and quivering stones (51% to hit)
You shoot a sling bullet.
The sling bullet closely misses the kobold.
The kobold hits you with a +2 short sword of electrocution.
You die...

## ######### .#
#.......#
.#####.#####.##
...............
######.#####.#. ###
#.#####.#.
..####.......#.
#.##.......###.#####
#.##.......# #.K@..#
#.##.......# #####.#
#.##.......# #.#
#.##.......#######.#
#.##.......#.......#
#.##...†...#.####..##
..#####.####.#....#.#
### #.........#..## #
#......#..#.##


You could see a kobold.

Vanquished Creatures
  3 ball pythons (D:1)
  4 endoplasms (D:1)
  3 hobgoblins (D:1)
  4 jackals (D:1)
  2 quokkas (D:1)
  2 bats (D:1)
  A goblin (D:1)
  A kobold (D:1)
  A rat (D:1)
21 creatures vanquished.

Notes
Turn   | Place    | Note
-------+----------+-------------------------------------------
     0 | D:1      | Haldmier the Tengu Hexslinger began the quest for the Orb.
     0 | D:1      | Reached XP level 1. HP: 12/12 MP: 3/3
   200 | D:1      | Reached XP level 2. HP: 16/16 MP: 4/4
   628 | D:1      | Reached XP level 3. HP: 15/20 MP: 6/6
   755 | D:1      | HP: 1/20 [kobold/+2 short sword of electrocution (1)]
   756 | D:1      | Slain by a kobold

Illustrated notes

Levels and vault maps discovered:
D:1:      saegor_arrival_simple_b, layout_loops_cross

Action                   || total
-------------------------++-------
 Fire: Sling             ||    80
 Cast: Slow              ||     9
Armor: Leather armour    ||    17
Dodge: Dodged            ||    28

Table legend: (Time is in decaauts)
 A = Elapsed time spent in this place.
 B = Non-inter-level travel time spent in this place.
 C = Inter-level travel time spent in this place.
 D = Time resting spent in this place.
 E = Time spent auto-exploring this place.
 F = Levels seen in this place.
 G = Mean time per level.
                   A        B        C        D        E       F      G
               +--------+--------+--------+--------+--------+-----+--------+
         Total |    782 |    782 |      0 |    258 |    300 |   1 |  782.0 |
       Dungeon |    782 |    782 |      0 |    258 |    300 |   1 |  782.0 |
               +--------+--------+--------+--------+--------+-----+--------+

Top non-repeatable levels by time:
     D:1: 782 daAuts
